 Dungeon Crawl Stone Soup version 0.26-a0-1129-gc5df7fbe6a (webtiles) character file.

Game seed: 13240293580316854409

179798 tilp the Covert (level 18, -1/143 HPs)
             Began as a Gnoll Delver on Dec 18, 2020.
             Was the Champion of Ashenzari.
             Splashed by a goliath frog's acid (10 damage)
             ... on level 1 of the Swamp.
             The game lasted 01:33:23 (45067 turns).

tilp the Covert (Gnoll Delver)                     Turns: 45067, Time: 01:33:23

Health: -1/143     AC: 14    Str: 17    XL:     18   Next: 25%
Magic:  33/33      EV: 11    Int: 19    God:    Ashenzari [******]
Gold:   1775       SH: 17    Dex: 16    Spells: 38/40 levels left

rFire    + + .     SeeInvis +   a - +9 broad axe (flame) (curse)
rCold    + . .     Faith    .   Y - +0 kite shield
rNeg     . . .     Spirit   .   I - +4 plate armour
rPois    +         Reflect  +   B - +1 helmet
rElec    .         Harm     .   C - scarf {rC+ rF+}
rCorr    .         Rampage  .   i - +1 pair of gloves
Will     ++...     Clarity  +   r - +1 pair of boots
Stlth    +.........             Z - amulet of Yvomomipni {Reflect rPois Slay+3 SH+5} (curse)
HPRegen  0.33/turn              R - ring of protection from fire
MPRegen  0.23/turn              M - ring of willpower

@: corroded, studying Ice Magic
A: distributed training, fangs 1, strong nose
a: Renounce Religion, Curse Item, Scrying


You were on level 1 of the Swamp.
You worshipped Ashenzari.
Ashenzari was exalted by your worship.
You visited 5 branches of the dungeon, and saw 26 of its levels.
You also visited: Sewer, Ossuary, Bailey, Ice Cave and Volcano.

You collected 3140 gold pieces.
You spent 1365 gold pieces at shops.

Inventory:

Hand Weapons
 a - a cursed +9 broad axe of flaming (weapon)
Missiles
 b - 6 javelins
 y - 58 boomerangs (quivered)
 D - 3 throwing nets {!f}
 K - 12 silver boomerangs
 P - 4 curare-tipped darts
Armour
 i - a +1 pair of gloves (worn)
 r - a +1 pair of boots (worn)
 B - a +1 helmet (worn)
 C - a scarf of resistance (worn)
 G - the +5 robe of Night {Dark Will+ SInv}
   (You found it on level 13 of the Dungeon)

   It affects your willpower, your defense against some magical effects.
   It lets you see invisible.
 I - a +4 plate armour (worn)
 Y - a +0 kite shield (worn)
Jewellery
 l - an uncursed ring of protection from cold
 M - a ring of willpower (right hand)
 R - a ring of protection from fire (left hand)
 Z - the cursed amulet of Yvomomipni (around neck) {Reflect rPois Slay+3 SH+5}
   (You found it on level 13 of the Dungeon)

   [amulet of reflection]

   It shields you and reflects attacks.
   It affects your accuracy and damage with ranged weapons and melee attacks
   (+3).
   It protects you from poison.
   It affects your SH (+5).
   It has a curse placed upon it.
Wands
 g - a wand of digging (7)
 s - a wand of disintegration (19)
 E - a wand of polymorph (15)
 S - a wand of acid (28)
 T - a wand of paralysis (7)
 U - a wand of iceblast (49)
 V - a wand of flame (83)
 X - a wand of enslavement (9)
Scrolls
 c - 3 scrolls of fog
 d - 5 scrolls of identify
 e - 5 scrolls of blinking
 h - 6 scrolls of remove curse
 k - 2 scrolls of enchant weapon
 n - a scroll of fear
 q - 11 scrolls of teleportation
 H - a scroll of holy word
 L - 6 scrolls of magic mapping
Potions
 f - 7 potions of haste
 j - 5 potions of ambrosia
 m - 5 potions of attraction
 p - 2 potions of berserk rage
 u - 17 potions of curing
 v - 3 potions of lignification
 w - a potion of cancellation
 x - 4 potions of flight
 z - 5 potions of brilliance
 A - 4 potions of might
 F - 4 potions of heal wounds
 N - 3 potions of magic
 O - 3 potions of resistance
 W - 2 potions of invisibility
Books
 o - a manual of Ice Magic
Miscellaneous
 t - a box of beasts
 J - a tin of tremorstones (2/2)
 Q - a lightning rod (4/4)


   Skills:
 + Level 13.0 Fighting
 + Level 11.6 Short Blades
 + Level 11.6 Long Blades
 + Level 11.6(15.8) Axes
 + Level 12.3 Maces & Flails
 + Level 11.6 Polearms
 + Level 11.6 Staves
 + Level 11.6 Slings
 + Level 11.6 Bows
 + Level 11.6 Crossbows
 + Level 11.6 Throwing
 + Level 11.6 Armour
 + Level 12.3 Dodging
 + Level 14.4 Stealth
 + Level 11.6 Shields
 + Level 11.6 Unarmed Combat
 + Level 11.6 Spellcasting
 + Level 9.9 Conjurations
 + Level 9.9 Hexes
 + Level 9.9 Summonings
 + Level 9.9 Necromancy
 + Level 9.9 Translocations
 + Level 9.9 Transmutations
 + Level 9.9 Fire Magic
 + Level 11.9 Ice Magic
 + Level 9.9 Air Magic
 + Level 9.9 Earth Magic
 + Level 9.9 Poison Magic
 + Level 12.5 Invocations
 + Level 11.6 Evocations


You had 38 spell levels left.
You knew the following spells:

 Your Spells              Type           Power        Failure   Level
a - Apportation           Tloc           96%          3%          1
b - Corona                Hex            53%          3%          1

Your spell library contained the following spells:

 Spells                   Type           Power        Failure   Level
 Animate Skeleton         Necr           96%          3%          1
 Pain                     Necr           100%         3%          1
 Sting                    Tmut/Pois      100%         3%          1
 Summon Small Mammal      Summ           100%         3%          1
 Corpse Rot               Necr/Air       N/A          5%          2
 Poisonous Vapours        Pois/Air       96%          5%          2
 Sublimation of Blood     Necr           24%          5%          2
 Ignite Poison            Fire/Tmut/Pois 48%          11%         3
 Lesser Beckoning         Tloc           24%          11%         3
 Mephitic Cloud           Conj/Pois/Air  48%          11%         3
 Tukima's Dance           Hex            48%          11%         3
 Vampiric Draining        Necr           24%          11%         3
 Ice Form                 Ice/Tmut       51%          24%         4
 Animate Dead             Necr           24%          36%         4
 Dispel Undead            Necr           48%          36%         4
 Olgreb's Toxic Radiance  Pois           48%          36%         4
 Metabolic Englaciation   Hex/Ice        25%          56%         5
 Agony                    Necr           48%          71%         5
 Alistair's Intoxication  Tmut/Pois      32%          71%         5
 Excruciating Wounds      Necr           24%          71%         5
 Summon Demon             Summ           24%          71%         5
 Summon Forest            Summ/Tloc      24%          71%         5
 Summon Mana Viper        Hex/Summ       48%          71%         5
 Ozocubu's Refrigeration  Ice            27%          95%         6
 Simulacrum               Ice/Necr       25%          98%         6
 Freezing Cloud           Conj/Ice/Air   25%          99%         6
 Invisibility             Hex            48%          99%         6
 Shadow Creatures         Summ           N/A          99%         6
 Summon Hydra             Summ           24%          100%        7


Dungeon Overview and Level Annotations

Branches:
Dungeon (14/15)            Temple (0/1) D:6            Lair (6/6) D:10
  Swamp (1/4) Lair:2        Snake (3/4) Lair:2        Slime (0/5) Lair:6
    Orc (2/2) D:10            Elf (0/3) Orc:2        Vaults (0/5) D:14
  Sewer (visited)         Ossuary (visited)          Bailey (visited)
  IceCv (visited)         Volcano (visited)

Altars:
Ashenzari
Cheibriados
Fedhas
Okawaru
Qazlal
Trog
Uskayaw
Xom
Yredelemnul
Zin

Shops:
D:5 *   D:8 *   D:11 (   Orc:2 !?(!   Snake:2 =}=   Snake:3 *

Annotations:
D:12 exclusion: obsidian statue
Lair:2 1 runed translucent door, exclusion: oklob plant
Lair:6 manual of ice magic, hell ending, exclusion: 2 doors
Snake:3 2 runed translucent doors, Terghuutae's ghost, adept GnFi
Orc:2 2 transporters, p0werm0de's ghost, journeyman DDFi


Innate Abilities, Weirdness & Mutations

Your experience applies equally to all skills.
You have very sharp teeth.
Your uncanny sense of smell can sniff out nearby items.


Message History

* * * LOW HITPOINT WARNING * * *
You slash the eleionoma! You burn the eleionoma.
The eleionoma is heavily wounded.
The goliath frog hits you from afar!
* * * LOW HITPOINT WARNING * * *
You are splashed with acid!
* * * LOW HITPOINT WARNING * * *
You block the eleionoma's attack.
You closely miss the eleionoma.
The eleionoma is heavily wounded.
You block the goliath frog's attack. You block the eleionoma's attack.
You hit the eleionoma but do no damage.
The eleionoma is heavily wounded.
The goliath frog completely misses you.
You slash the eleionoma! You burn the eleionoma.
The eleionoma is severely wounded.
The goliath frog hits you from afar!!
* * * LOW HITPOINT WARNING * * *
You are splashed with acid!
You die...

* * ≈ .♣♣ , , * ,∆ ♣♣♣ ≈ ,
≈≈ , ≈♣..♣♣♣♣ , , ,♣♣♣♣..
,, * ≈≈, *.≈≈...♣♣♣♣♣
♣♣♣♣♣...♣♣ ,** ≈
♣.§.......♣ ♣....♣♣≈♣ * ,
,**♣≈≈≈.≈≈≈♣.♣ ♣.♣♣♣♣♣≈♣ *
≈ ≈, ♣≈.≈.≈≈≈♣.♣ ♣.♣♣ ♣.♣ ≈
*♣≈♣≈♣§F.♣.♣♣♣..♣ ♣♣.♣ , ,
♣♣.≈≈≈≈≈..♣.♣...♣♣♣.≈.* *,
* ,♣.≈...@R≈≈..♣......≈≈. *
≈≈*≈.≈§≈≈≈≈♣≈.♣♣.≈.≈≈♣≈♣≈.♣
, ≈≈.≈≈≈≈≈♣≈.♣♣≈..≈≈§§≈≈..
, .≈≈≈.≈≈≈≈≈.♣♣..≈≈≈≈≈≈≈≈.
* *≈
≈≈≈≈.≈...≈.♣♣..≈≈.≈≈≈≈.< *
≈≈ .≈≈♣≈.≈≈.≈≈≈≈§≈.≈≈≈≈≈≈≈≈
≈≈≈♣≈≈≈♣.≈≈≈≈.≈§♣♣≈≈≈.≈≈ *
,* ..≈≈..≈≈..≈..≈≈.≈≈≈≈..≈.
*, ,, ≈≈,* ≈ ≈
≈≈≈≈≈...≈.≈≈.


You could see an eleionoma and a goliath frog.

Vanquished Creatures
  A nagaraja (Snake:3)
  A frost giant (shapeshifter) (D:12)
  A stone giant (D:12)
  A vampire knight (D:13)
  A war gargoyle (D:12)
  A dire elephant (Lair:6)
  5 naga warriors
  Harold (D:8)
  5 boulder beetles
  3 hydras
  A catoblepas (Lair:5)
  Erica (D:8)
  4 centaur warriors
  12 anacondas
  A death knight (D:12)
  5 two-headed ogres
  A tengu warrior (D:14)
  7 shock serpents
  A vampire mage (D:13)
  3 naga sharpshooters
  5 orc high priests (Orc:2)
  Urug (D:11)
  A deep elf knight (D:12)
  Sonja (Lair:2)
  2 salamander mystics
  An unseen horror (D:14)
  6 naga ritualists
  A flayed ghost (D:12)
  A wizard (D:14)
  11 mana vipers
  A necromancer (IceCv)
  12 orc knights
  4 cyclopes
  4 deep elf magi
  4 orc sorcerers
  2 ugly things
  2 manticores
  9 salamanders
  An ice statue (IceCv)
  35 black mambas
  Maurice (D:10)
  9 naga magi
  9 elephants
  2 guardian serpents (Snake:2)
  2 gargoyles (D:14)
  15 cane toads
  An efreet (D:14)
  12 komodo dragons
  8 rime drakes
  10 freezing wraiths (IceCv)
  A tengu conjurer (D:14)
  11 trolls
  4 polar bears
  3 meliai (D:13)
  Grinder (D:3)
  7 blink frogs
  A hornet (D:11)
  6 dream sheep (Lair:5)
  Sigmund (D:6)
  30 flying skulls (D:13)
  A centaur simulacrum (D:12)
  8 vampires (D:13)
  A wyvern (D:10)
  42 yaks
  2 wraiths
  A shadow (D:14)
  6 basilisks
  5 fire bats (Volcano)
  A steam dragon (Lair:5)
  Grum (D:8)
  3 vampire mosquitoes (D:12)
  7 wargs
  19 nagas
  2 soldier ants
  A hell hound (Lair:6)
  A swamp worm (Swamp:1)
  21 water moccasins
  56 orc warriors
  A swamp drake (D:10)
  8 ice beasts
  4 phantoms
  A sky beast (D:13)
  2 eyes of draining
  3 centaurs
  6 ogres
  23 wolves
  2 necrophages
  A big kobold (D:9)
  18 bullfrogs
  A wyvern zombie (D:9)
  2 wyvern skeletons
  2 scorpions
  7 howler monkeys
  12 wights
  An electric eel (Lair:1)
  14 lava snakes
  6 centaur zombies
  2 draconian simulacra (IceCv)
  3 quasits
  A bullfrog zombie (D:12)
  4 centaur skeletons
  5 hounds
  A jelly (D:13)
  7 human zombies (D:13)
  33 orc priests
  2 bullfrog skeletons
  28 orc wizards
  3 iguanas
  A merfolk siren (Sewer)
  5 troll simulacra (IceCv)
  7 worker ants
  Natasha (thrice) (D:2)
  4 spriggan simulacra (IceCv)
  2 polar bear simulacra (IceCv)
  A merfolk avatar (Sewer)
  2 wolf simulacra (IceCv)
  4 big kobold zombies (Ossuary)
  2 hound zombies
  6 mummies
  A howler monkey zombie (D:8)
  9 gnolls (Bailey)
  A howler monkey skeleton (D:11)
  5 ogre simulacra (IceCv)
  18 adders
  4 naga simulacra (IceCv)
  3 river rats
  2 shadow imps
  14 white imps
  2 ufetubi
  2 oozes
  5 adder skeletons
  2 worms
  2 dart slugs (D:2)
  9 leopard geckos
  115 orcs
  10 bats
  16 giant cockroaches
  32 goblins
  27 hobgoblins
  7 jackals
  5 quokkas
  8 ball pythons
  8 frilled lizards
  A goblin zombie (D:6)
  4 hobgoblin zombies
  10 kobolds
  23 rats
  A butterfly (Lair:1)
1058 creatures vanquished.

Vanquished Creatures (collateral kills)
  A boulder beetle (Lair:6)
1 creature vanquished.

Vanquished Creatures (others)
  A naga sharpshooter (Snake:3)
  A black mamba (Snake:3)
  31 fungi
  34 plants
  A withered plant (D:2)
68 creatures vanquished.

Grand Total: 1127 creatures vanquished

Notes
Turn   | Place    | Note
-------+----------+-------------------------------------------
     0 | D:5      | Reached skill level 9 in Stealth
     0 | D:5      | tilp the Gnoll Delver began the quest for the Orb.
     0 | D:5      | Reached XP level 1. HP: 23/23 MP: 1/1
   142 | D:2      | Found a basalt altar of Yredelemnul.
   149 | D:2      | Reached XP level 2. HP: 29/29 MP: 2/2
   240 | D:2      | Reached XP level 3. HP: 35/35 MP: 3/3
   262 | D:2      | Noticed Natasha
   268 | D:2      | Killed Natasha
   269 | D:2      | Reached skill level 1 in Invocations
   400 | D:2      | Found a blossoming altar of Fedhas.
   477 | D:2      | Reached skill level 1 in Short Blades
   477 | D:2      | Reached skill level 1 in Long Blades
   477 | D:2      | Reached skill level 1 in Axes
   477 | D:2      | Reached skill level 1 in Polearms
   477 | D:2      | Reached skill level 1 in Staves
   477 | D:2      | Reached skill level 1 in Slings
   477 | D:2      | Reached skill level 1 in Bows
   477 | D:2      | Reached skill level 1 in Crossbows
   477 | D:2      | Reached skill level 1 in Throwing
   477 | D:2      | Reached skill level 1 in Armour
   477 | D:2      | Reached skill level 1 in Shields
   477 | D:2      | Reached skill level 1 in Unarmed Combat
   477 | D:2      | Reached skill level 1 in Spellcasting
   477 | D:2      | Reached skill level 1 in Evocations
   495 | D:2      | Reached XP level 4. HP: 41/41 MP: 5/5
   518 | D:2      | Noticed Natasha
   523 | D:2      | Killed Natasha
   524 | D:2      | Reached skill level 1 in Conjurations
   524 | D:2      | Reached skill level 1 in Hexes
   524 | D:2      | Reached skill level 1 in Summonings
   524 | D:2      | Reached skill level 1 in Necromancy
   524 | D:2      | Reached skill level 1 in Translocations
   524 | D:2      | Reached skill level 1 in Transmutations
   524 | D:2      | Reached skill level 1 in Fire Magic
   524 | D:2      | Reached skill level 1 in Ice Magic
   524 | D:2      | Reached skill level 1 in Air Magic
   524 | D:2      | Reached skill level 1 in Earth Magic
   524 | D:2      | Reached skill level 1 in Poison Magic
   900 | D:2      | Reached XP level 5. HP: 41/47 MP: 6/6
  1741 | D:2      | Noticed Natasha
  1751 | D:2      | Killed Natasha
  2214 | D:3      | Found an iron altar of Okawaru.
  2234 | D:3      | Noticed Grinder
  3116 | D:3      | Reached XP level 6. HP: 53/53 MP: 8/8
  3335 | D:3      | Killed Grinder
  3336 | D:3      | Reached skill level 5 in Maces & Flails
  3336 | D:3      | Reached skill level 5 in Dodging
  3419 | D:3      | Found a stormy altar of Qazlal.
  3465 | D:3      | Reached XP level 7. HP: 44/59 MP: 10/10
  4771 | D:5      | Found a bloodstained altar of Trog.
  4924 | D:5      | Found Lilucop's Assorted Antiques.
  4929 | D:5      | Bought a scroll of identify for 42 gold pieces
  5321 | D:5      | Found a snail-covered altar of Cheibriados.
  5321 | D:5      | Found a broken altar of Ashenzari.
  5326 | D:5      | Became a worshipper of Ashenzari the Shackled
  5361 | D:6      | Noticed Sigmund
  5366 | D:6      | Killed Sigmund
  5367 | D:6      | Reached skill level 10 in Stealth
  5367 | D:6      | Reached XP level 8. HP: 59/67 MP: 10/12
  5387 | D:6      | Found a sand-covered staircase.
  5395 | Ossuary  | Entered an ossuary
  5633 | D:6      | Found a glowing drain.
  5640 | Sewer    | Entered a sewer
  6146 | D:6      | Found a staircase to the Ecumenical Temple.
  6901 | D:7      | Reached XP level 9. HP: 63/73 MP: 11/14
  7227 | D:7      | Reached * piety under Ashenzari
  7347 | D:7      | Found a hide-covered altar of Uskayaw.
  7348 | D:7      | Found a glowing silver altar of Zin.
  7650 | D:5      | Bought a scroll labelled VIFOOGI TIALON FUPT for 21 gold
                  | pieces
  7650 | D:5      | Bought a scroll labelled TAOZOPH LOMIEL for 21 gold pieces
  7650 | D:5      | Bought a scroll labelled YCELUY PUQU for 21 gold pieces
  7650 | D:5      | Bought a forked silver wand for 84 gold pieces
  7992 | D:8      | Found a shimmering altar of Xom.
  8008 | D:8      | Found a flagged portal.
  8036 | Bailey   | Entered a bailey
  8253 | Bailey   | Noticed an orc knight
  8271 | Bailey   | HP: 1/74 [orc knight/+0 war axe (10)]
  8322 | Bailey   | Killed an orc knight
  8323 | Bailey   | Reached skill level 5 in Invocations
  8909 | Bailey   | Reached XP level 10. HP: 45/80 MP: 10/17
  9154 | Bailey   | Reached skill level 5 in Short Blades
  9154 | Bailey   | Reached skill level 5 in Long Blades
  9154 | Bailey   | Reached skill level 5 in Axes
  9154 | Bailey   | Reached skill level 5 in Polearms
  9154 | Bailey   | Reached skill level 5 in Staves
  9154 | Bailey   | Reached skill level 5 in Slings
  9154 | Bailey   | Reached skill level 5 in Bows
  9154 | Bailey   | Reached skill level 5 in Crossbows
  9154 | Bailey   | Reached skill level 5 in Throwing
  9154 | Bailey   | Reached skill level 5 in Armour
  9154 | Bailey   | Reached skill level 5 in Shields
  9154 | Bailey   | Reached skill level 5 in Unarmed Combat
  9154 | Bailey   | Reached skill level 5 in Spellcasting
  9154 | Bailey   | Reached skill level 5 in Evocations
  9191 | Bailey   | Noticed an orc warlord
  9674 | D:8      | Noticed Erica
  9694 | D:8      | Killed Erica
 10073 | D:8      | Noticed Harold
 10221 | D:8      | Noticed Grum
 10629 | D:8      | Killed Grum
 10769 | D:8      | Found Obra's Demolitions Depot.
 10816 | D:8      | Bought a wand of acid (6) for 220 gold pieces
 11350 | D:8      | Killed Harold
 11351 | D:8      | Reached skill level 11 in Stealth
 11594 | D:9      | Reached XP level 11. HP: 87/87 MP: 19/19
 12177 | D:9      | Noticed a two-headed ogre
 12192 | D:9      | Killed a two-headed ogre
 12193 | D:9      | Reached skill level 5 in Conjurations
 12193 | D:9      | Reached skill level 5 in Hexes
 12193 | D:9      | Reached skill level 5 in Summonings
 12193 | D:9      | Reached skill level 5 in Necromancy
 12193 | D:9      | Reached skill level 5 in Translocations
 12193 | D:9      | Reached skill level 5 in Transmutations
 12193 | D:9      | Reached skill level 5 in Fire Magic
 12193 | D:9      | Reached skill level 5 in Ice Magic
 12193 | D:9      | Reached skill level 5 in Air Magic
 12193 | D:9      | Reached skill level 5 in Earth Magic
 12193 | D:9      | Reached skill level 5 in Poison Magic
 12684 | D:10     | Entered Level 10 of the Dungeon
 12979 | D:10     | Noticed a cyclops
 13000 | D:10     | Killed a cyclops
 13319 | D:10     | Found a staircase to the Lair.
 13889 | D:10     | Reached ** piety under Ashenzari
 14007 | D:10     | Noticed Maurice
 14016 | D:10     | Killed Maurice
 14041 | D:10     | Found a staircase to the Orcish Mines.
 14298 | D:11     | Noticed Urug
 14351 | D:11     | Noticed a boulder beetle
 14809 | Lair:1   | Entered Level 1 of the Lair of Beasts
 15998 | Lair:2   | Found a staircase to the Snake Pit.
 16079 | Lair:2   | Noticed Sonja
 16083 | Lair:2   | Found a staircase to the Swamp.
 16090 | Lair:2   | Killed Sonja
 16126 | Lair:2   | Reached XP level 12. HP: 44/96 MP: 11/22
 16631 | Lair:2   | Reached *** piety under Ashenzari
 16885 | Lair:2   | Found a runed translucent door.
 17519 | Lair:3   | Found a dark tunnel.
 17546 | Volcano  | Entered a volcano
 17786 | Volcano  | Noticed a red draconian
 18073 | Volcano  | Reached skill level 10 in Fighting
 18077 | Volcano  | Found a radiant altar of Vehumet.
 18104 | Volcano  | Found a burning altar of Makhleb.
 18919 | Lair:3   | Reached skill level 12 in Stealth
 19347 | Lair:4   | Reached XP level 13. HP: 87/103 MP: 20/24
 19763 | Lair:4   | Learned a level 1 spell: Apportation
 19765 | Lair:4   | Learned a level 1 spell: Corona
 20340 | Lair:5   | Found a frozen archway.
 20362 | IceCv    | Entered an ice cave
 21275 | IceCv    | Found an ancient bone altar of Kikubaaqudgha.
 23105 | Lair:6   | Entered Level 6 of the Lair of Beasts
 23366 | Lair:6   | Reached **** piety under Ashenzari
 23826 | Lair:6   | Reached XP level 14. HP: 86/111 MP: 21/26
 24069 | Lair:6   | Reached skill level 10 in Maces & Flails
 24069 | Lair:6   | Reached skill level 10 in Dodging
 24442 | Lair:6   | Noticed a dire elephant
 24735 | Lair:6   | Killed a dire elephant
 25314 | Lair:6   | Found a staircase to the Slime Pits.
 25984 | Lair:6   | Reached skill level 10 in Invocations
 26646 | D:11     | Found Guoviuk's Hydra Hut.
 26669 | D:11     | Bought a +1 broad axe of flaming for 156 gold pieces
 27159 | D:11     | Killed Urug
 27249 | D:11     | Identified the +3 hunting sling of Wyrd {flame, Int+3
                  | Dex+2}
 27269 | D:11     | Reached ***** piety under Ashenzari
 27503 | D:11     | Identified the +10 whip "Qaopyobe" {vorpal, rPois}
 28029 | D:12     | Reached skill level 13 in Stealth
 28070 | D:12     | Noticed a war gargoyle
 28084 | D:12     | Killed a war gargoyle
 28523 | D:12     | Noticed a stone giant
 28527 | D:12     | Killed a stone giant
 29098 | D:11     | Reached XP level 15. HP: 26/119 MP: 19/28
 29396 | D:12     | Noticed an azure jelly
 29398 | D:12     | Noticed a quicksilver dragon
 29398 | D:12     | an azure jelly changed into a quicksilver dragon
 29399 | D:12     | Noticed a sphinx
 29399 | D:12     | a quicksilver dragon changed into a sphinx
 29400 | D:12     | Noticed a fenstrider witch
 29400 | D:12     | a sphinx changed into a fenstrider witch
 29401 | D:12     | a fenstrider witch changed into a dire elephant
 29406 | D:12     | Noticed an emperor scorpion
 29406 | D:12     | a dire elephant changed into an emperor scorpion
 29408 | D:12     | an emperor scorpion changed into a dire elephant
 29411 | D:12     | Noticed a frost giant
 29411 | D:12     | a dire elephant changed into a frost giant
 29420 | D:12     | Killed a frost giant
 30655 | D:13     | Identified the amulet of Yvomomipni {Reflect rPois Slay+3
                  | SH+5}
 30997 | D:13     | Reached skill level 10 in Short Blades
 30997 | D:13     | Reached skill level 10 in Long Blades
 30997 | D:13     | Reached skill level 10 in Axes
 30997 | D:13     | Reached skill level 10 in Polearms
 30997 | D:13     | Reached skill level 10 in Staves
 30997 | D:13     | Reached skill level 10 in Slings
 30997 | D:13     | Reached skill level 10 in Bows
 30997 | D:13     | Reached skill level 10 in Crossbows
 30997 | D:13     | Reached skill level 10 in Throwing
 30997 | D:13     | Reached skill level 10 in Armour
 30997 | D:13     | Reached skill level 10 in Shields
 30997 | D:13     | Reached skill level 10 in Unarmed Combat
 30997 | D:13     | Reached skill level 10 in Spellcasting
 30997 | D:13     | Reached skill level 10 in Evocations
 31785 | D:13     | Found a basalt altar of Yredelemnul.
 31890 | D:13     | Found the +5 robe of Night {Dark Will+ SInv}
 32497 | D:14     | Identified the cursed -6 cloak of the Wild Haggis {Rampage
                  | +Inv Int+3} (You found it on level 14 of the Dungeon)
 33182 | D:14     | Reached skill level 10 in Ice Magic
 33750 | D:14     | Found a gate to the Vaults.
 33848 | D:14     | Identified a scroll of acquirement
 33848 | D:14     | Acquired 478 gold pieces
 33963 | Orc:1    | Entered Level 1 of the Orcish Mines
 33963 | Orc:1    | Found a shimmering altar of Xom.
 34531 | Orc:2    | Entered Level 2 of the Orcish Mines
 34536 | Orc:2    | Noticed p0werm0de's ghost (journeyman DDFi)
 34777 | Orc:2    | Found a transporter.
 34806 | Orc:2    | Found a transporter.
 35493 | Orc:1    | Reached XP level 16. HP: 104/127 MP: 30/30
 35819 | Orc:2    | Found a staircase to the Elven Halls.
 36946 | Orc:2    | Found Tolamy Raucw's Distillery.
 37177 | Orc:2    | Found Voxtokor's Weapon Shoppe.
 37178 | Orc:2    | Found Ahohuulo's Distillery.
 37179 | Orc:2    | Found Daaklus's Magic Scroll Emporium.
 37182 | Orc:2    | Bought a potion of experience for 800 gold pieces
 37182 | Orc:2    | Reached XP level 17. HP: 135/135 MP: 31/31
 37493 | Snake:1  | Entered Level 1 of the Snake Pit
 39421 | Snake:2  | Reached skill level 14 in Stealth
 40984 | Snake:2  | Found Laash's Jewellery Shoppe.
 40984 | Snake:2  | Found Uzadulim's Gadget Shop.
 40995 | Snake:2  | Found Igikhlov's Jewellery Shoppe.
 41490 | Snake:2  | Reached ****** piety under Ashenzari
 42807 | Snake:3  | Reached XP level 18. HP: 113/142 MP: 18/33
 43041 | Snake:3  | HP: 7/142 [black mamba (10)]
 43958 | Snake:3  | Found Qesieb's Assorted Antiques.
 44532 | Snake:3  | Found a large runed translucent door.
 44534 | Snake:3  | Found a large runed translucent door.
 44536 | Snake:3  | Noticed Terghuutae's ghost (adept GnFi)
 44984 | Swamp:1  | Entered Level 1 of the Swamp
 45067 | Swamp:1  | Splashed by a goliath frog's acid

Illustrated notes

Levels and vault maps discovered:
D:1:      grunt_arrival_crossed_arrows, layout_loops_ring, due_unseen_surprise
D:2:      minmay_roachtagon, layout_basic, general_overflow_altar,
          yredelemnul_altar_generic, minmay_pentomino_s2, uniq_natasha
D:3:      layout_loops_cross, lemuel_round_altar, okawaru_gym_becter,
          uniq_grinder
D:4:      layout_cave_pods
D:5:      layout_loops_ring, bloody_trog, gammafunk_temple_overflow_statue,
          serial_shops, kennysheep_little_box, minivault_14
D:6:      kennysheep_big_flooded_room, layout_loops_corners,
          minmay_temple_entry_grid, gup_sewer_entry_bubbles,
          nicolae_ossuary_entry_giza, minmay_misc_feat_hallway, st_stairs_14,
          uniq_sigmund
D:7:      layout_basic, gammafunk_temple_overflow_pools
D:8:      layout_cave_pools, lemuel_round_altar, enter_bailey_4, minivault_1,
          nicolae_blasting_shop, uniq_harold, uniq_grum, uniq_erica
D:9:      layout_roguey, patterned_corridor
D:10:     layout_gridville, erik_lair_dragon, orc_0_dummy,
          hangedman_abyss_or_decor_clamps, uniq_maurice
D:11:     layout_grid_maze, doesnt_shop_hydraphobe, uniq_urug
D:12:     minmay_octo_star, layout_gridville, minivault_16, minivault_1
D:13:     lemuel_vampire_tower, layout_small_grid, billiards_dpeg
D:14:     layout_basic, david_vaults_1, serial_bayou_shore_b
Lair:1:   layout_loops_ring, minivault_25, serial_bayou_shore_a,
          lemuel_fruit_fields
Lair:2:   gammafunk_indiana_jones, layout_chaotic_city, swamp_mist,
          guppyfry_snake_entry_garden, serial_bayou_pond_e,
          minmay_lair_oklob_chamber, uniq_sonja
Lair:3:   layout_regular_city, nicolae_volcano_entry_lava_flow
Lair:4:   layout_layer_cave, grunt_megastairs_1
Lair:5:   layout_cave_pods, portal_ice_cave_rime, lemuel_fruit_fields
Lair:6:   evil_forest, layout_small_grid, dpeg_slime_entry_corner,
          infiniplex_staircase_pool
Swamp:1:  layout_falls_marsh, hangedman_swamp_lotus, swamp_pool1,
          hangedman_swamp_cone
Snake:1:  layout_layer_cave, grunt_megastairs_2
Snake:2:  layout_basic, nicolae_snake_lava_pool, minmay_shop_grove,
          grunt_megastairs_5
Snake:3:  layout_misc_corridors, serial_shops, nicolae_shop_crystal,
          ebering_ghost_disaster_area, nicolae_coiled_stairwell_up,
          lemuel_fruit_tree
Orc:1:    layout_caves, basic_altar, library_closet
Orc:2:    st_orc_pillars, layout_caves, gammafunk_ghost_smash

Skill      XL: |  1  2  3  4  5  6  7  8  9 10 11 12 13 14 15 16 17 18 |
---------------+-------------------------------------------------------+-----
Stealth        | 10 11 12 13 14 | 14.4
Invocations    | 1 2 3 4 5 6 7 8 9 10 11 12 | 12.5
Short Blades   | 1 2 3 4 5 6 7 8 9 10 11 | 11.6
Long Blades    | 1 2 3 4 5 6 7 8 9 10 11 | 11.6
Axes           | 1 2 3 4 5 6 7 8 9 10 11 | 11.6
Polearms       | 1 2 3 4 5 6 7 8 9 10 11 | 11.6
Staves         | 1 2 3 4 5 6 7 8 9 10 11 | 11.6
Slings         | 1 2 3 4 5 6 7 8 9 10 11 | 11.6
Bows           | 1 2 3 4 5 6 7 8 9 10 11 | 11.6
Crossbows      | 1 2 3 4 5 6 7 8 9 10 11 | 11.6
Throwing       | 1 2 3 4 5 6 7 8 9 10 11 | 11.6
Armour         | 1 2 3 4 5 6 7 8 9 10 11 | 11.6
Shields        | 1 2 3 4 5 6 7 8 9 10 11 | 11.6
Unarmed Combat | 1 2 3 4 5 6 7 8 9 10 11 | 11.6
Spellcasting   | 1 2 3 4 5 6 7 8 9 10 11 | 11.6
Evocations     | 1 2 3 4 5 6 7 8 9 10 11 | 11.6
Conjurations   | 1 2 3 4 5 6 7 8 9 |  9.9
Hexes          | 1 2 3 4 5 6 7 8 9 |  9.9
Summonings     | 1 2 3 4 5 6 7 8 9 |  9.9
Necromancy     | 1 2 3 4 5 6 7 8 9 |  9.9
Translocations | 1 2 3 4 5 6 7 8 9 |  9.9
Transmutations | 1 2 3 4 5 6 7 8 9 |  9.9
Fire Magic     | 1 2 3 4 5 6 7 8 9 |  9.9
Ice Magic      | 1 2 3 4 5 6 7 9 10 11 | 11.9
Air Magic      | 1 2 3 4 5 6 7 8 9 |  9.9
Earth Magic    | 1 2 3 4 5 6 7 8 9 |  9.9
Poison Magic   | 1 2 3 4 5 6 7 8 9 |  9.9
Maces & Flails | 5 6 7 8 9 10 11 12 | 12.3
Dodging        | 5 6 7 8 9 10 11 12 | 12.3
Fighting       | 7 8 9 10 11 12 13 | 13.0

Action                   |  1- 3 |  4- 6 |  7- 9 | 10-12 | 13-15 | 16-18 || total
-------------------------+-------+-------+-------+-------+-------+-------++-------
Melee: Mace              |    44 |   187 |       |       |       |       ||   231
       Bite              |     2 |    22 |    32 |    98 |   207 |    90 ||   451
       Hand axe          |       |     6 |   352 |   773 |   646 |       ||  1777
       Punch             |       |     1 |     3 |    13 |       |       ||    17
       Broad axe         |       |       |       |    11 |   685 |   660 ||  1356
       Morningstar       |       |       |       |       |    21 |       ||    21
Throw: Stone             |    14 |     5 |       |       |       |       ||    19
       Dart              |       |    15 |     8 |       |       |       ||    23
       Boomerang         |       |       |    43 |   154 |   209 |    59 ||   465
       Throwing net      |       |       |       |     1 |       |       ||     1
Invok: Curse Item        |       |       |       |       |     2 |     1 ||     3
Evoke: Wand              |     2 |     4 |    11 |    10 |     5 |       ||    32
       Lightning rod     |       |       |       |     7 |     4 |       ||    11
       Tin of tremorston |       |       |       |       |     3 |       ||     3
  Use: Scroll            |     1 |     4 |    18 |    12 |    13 |     1 ||    49
       Potion            |       |       |     3 |     8 |     1 |     2 ||    14
 Stab: Sleeping          |     2 |     9 |     4 |       |     1 |     2 ||    18
       Distracted        |       |     1 |       |       |       |       ||     1
       Paralysed         |       |       |       |     8 |    12 |       ||    20
Armor: Ring mail         |    12 |    62 |       |       |       |       ||    74
       Chain mail        |       |    40 |   223 |    58 |       |       ||   321
       Plate armour      |       |       |       |   375 |   788 |   255 ||  1418
Dodge: Dodged            |    21 |   161 |   153 |   294 |   557 |   209 ||  1395
Block: Buckler           |       |       |       |   145 |   531 |   242 ||   918
       Reflection        |       |       |       |       |    14 |    31 ||    45
       Kite shield       |       |       |       |       |       |   179 ||   179

Table legend: (Time is in decaauts)
 A = Elapsed time spent in this place.
 B = Non-inter-level travel time spent in this place.
 C = Inter-level travel time spent in this place.
 D = Time resting spent in this place.
 E = Time spent auto-exploring this place.
 F = Levels seen in this place.
 G = Mean time per level.
                   A        B        C        D        E       F      G
               +--------+--------+--------+--------+--------+-----+--------+
         Total |  45164 |  42823 |   2341 |  17073 |  17259 |  31 | 1456.9 |
       Dungeon |  20633 |  19313 |   1320 |   6845 |   8870 |  14 | 1473.8 |
          Lair |   9334 |   8711 |    623 |   3234 |   3719 |   6 | 1555.7 |
         Swamp |     82 |     82 |      0 |      0 |     46 |   1 |   82.0 |
     Snake Pit |   7432 |   7148 |    284 |   3447 |   2936 |   3 | 2477.3 |
  Orcish Mines |   3375 |   3264 |    111 |   1644 |    879 |   2 | 1687.5 |
         Sewer |    289 |    289 |      0 |      0 |    114 |   1 |  289.0 |
       Ossuary |    179 |    179 |      0 |      0 |     87 |   1 |  179.0 |
        Bailey |   1370 |   1370 |      0 |    575 |    281 |   1 | 1370.0 |
      Ice Cave |   1894 |   1894 |      0 |   1066 |    324 |   1 | 1894.0 |
       Volcano |    572 |    572 |      0 |    260 |      0 |   1 |  572.0 |
               +--------+--------+--------+--------+--------+-----+--------+

Top non-repeatable levels by time:
 Snake:2: 3243 daAuts
  Lair:6: 2339 daAuts
   Orc:2: 2215 daAuts
    D:10: 2206 daAuts
    D:13: 2163 daAuts
 Snake:1: 2146 daAuts
 Snake:3: 2042 daAuts
    D:12: 2032 daAuts
     D:7: 1936 daAuts
  Lair:5: 1923 daAuts
   IceCv: 1894 daAuts
    D:11: 1809 daAuts
     D:2: 1809 daAuts
    D:14: 1426 daAuts
  Lair:1: 1419 daAuts
